 Dungeon Crawl Stone Soup version 0.27-a0-419-g7a85846853 (webtiles) character file.

Game seed: 17171739706959410074

115 Morbidden the Conjurer (level 4, 0/32 HPs)
             Began as a Demonspawn Conjurer on Feb 26, 2021.
             Slain by Jessica (4 damage)
             ... on level 3 of the Dungeon.
             The game lasted 00:04:14 (2517 turns).

Morbidden the Conjurer (Demonspawn Conjurer)        Turns: 2517, Time: 00:04:14

Health: 0/32       AC:  2    Str:  7    XL:     4   Next: 68%
Magic:  3/8        EV: 12    Int: 22    God:
Gold:   92         SH:  0    Dex: 14    Spells: 6/9 levels left

rFire    . . .     SeeInvis .   g - +0 dagger
rCold    . . .     Faith    .   (no shield)
rNeg     . . .     Spirit   .   a - +0 robe
rPois    .         Reflect  .   (no helmet)
rElec    .         Harm     .   (no cloak)
rCorr    .         Rampage  .   (no gloves)
Will     .....                  (no boots)
Stlth    ++........             (no amulet)
HPRegen  0.10/turn              (no ring)
MPRegen  0.11/turn              (no ring)

@: no status effects
A: claws 1, talons 1, agile 1, clever 1, sense surroundings 1
a: no special abilities


You were on level 3 of the Dungeon.
You visited 1 branch of the dungeon, and saw 3 of its levels.

You collected 92 gold pieces.

Inventory:

Hand Weapons
 g - a +0 dagger (weapon)
Missiles
 b - 4 boomerangs
 o - 3 poisoned darts (quivered)
Armour
 a - a +0 robe (worn)
Scrolls
 d - a scroll of fear
 h - a scroll of blinking {unknown}
 i - 2 scrolls of identify {unknown}
 k - 2 scrolls of amnesia
Potions
 f - a potion of lignification {unknown}
 l - a potion of flight {unknown}
 m - a potion of haste


   Skills:
 * Level 1.4 Fighting
 + Level 1.9 Dodging
 + Level 2.0 Stealth
 + Level 0.2 Unarmed Combat
 * Level 3.0 Spellcasting
 * Level 5.0 Conjurations


You had 6 spell levels left.
You knew the following spells:

 Your Spells              Type           Power        Failure   Level
a - Magic Dart            Conj           100%         1%          1
b - Searing Ray           Conj           50%          2%          2

Your spell library contained the following spells:

 Spells                   Type           Power        Failure   Level
 Dazzling Flash           Conj/Hex       28%          13%         3
 Confusing Touch          Hex            3%           36%         3
 Gell's Gravitas          Tloc           1%           36%         3
 Fulminant Prism          Conj/Hex       7%           41%         4
 Iskenderun's Mystic Bla  Conj/Tloc      14%          41%         4
 Petrify                  Tmut/Erth      3%           77%         4
 Metabolic Englaciation   Hex/Ice        1%           98%         5
 Yara's Violent Unravell  Hex/Tmut       1%           98%         5


Dungeon Overview and Level Annotations

Branches:
Dungeon (3/15)

Altars:
Zin

Annotations:
D:3 Jessica


Innate Abilities, Weirdness & Mutations

You have sharp toenails.
You have sharp fingernails.
You are agile. (Dex +2)
Your mind is acute. (Int +2)
You passively map a small area around you.


Message History

You destroy the jackal zombie! (Press . to maintain the ray.)
You feel your dexterity returning.
Your Conjurations skill increases to level 5!
Unknown command.
The searing ray hits the giant cockroach!
You kill the giant cockroach!
Unknown command.
Unknown command.
You pick up a book of Misfortune and begin reading...
You add the spells Confusing Touch, Gell's Gravitas, Petrify, Metabolic Englaciation and Yara's Violent Unravelling to your library.
Unknown command.
Found a robe.
Found 18 stones.
Jessica gestures wildly while chanting.
Jessica blinks!
Jessica mumbles some strange words.
Jessica blinks!
Found a leather armour.
An orc comes into view. It is wielding a +0 hand axe.
Unknown command.
Throw: 6 darts (poison)
Press: ? - help, Q - select action, (/) - cycle Shift-Dir - straight line, f - Jessica
Aim: Jessica, wearing a +0 robe (fast, 57% to hit)
You throw a poisoned dart. The poisoned dart hits Jessica.
Unknown command.
Throw: 5 darts (poison)
Press: ? - help, Q - select action, (/) - cycle Shift-Dir - straight line, f/p - Jessica
Aim: Jessica, wearing a +0 robe (fast, 57% to hit)
You throw a poisoned dart.
The poisoned dart barely misses Jessica.
Jessica casts a spell at you. Pain shoots through your body!
* * * LOW HITPOINT WARNING * * *
Throw: 4 darts (poison)
Press: ? - help, Q - select action, (/) - cycle Shift-Dir - straight line, f/p - Jessica
Aim: Jessica, wearing a +0 robe (fast, 57% to hit)
You throw a poisoned dart. The poisoned dart hits Jessica.
Jessica is poisoned.
Jessica hits you.
You die...

*******,,,,,*,*≈≈,,,***#..####
**o.......+,,,,_8* ##....# **
*,........#≈≈,,,*###......
,*******,.[......##≈≈,,*#........
,,,,,,,,,(........##≈≈_#...#.....
********,..........##*8#####.B...
*,....(......###* ##......
*,.............####......<
**..([..@@......)))†......
*#.....#......####.......
##......###### ##.....# #..#####
####### ##**


You could see Jessica (fast, poisoned) and an orc (asleep).

Vanquished Creatures
  2 adders (D:2)
  A worm (D:2)
  A dart slug (D:1)
  3 leopard geckos (D:1)
  7 orcs (D:3)
  2 ball pythons
  12 bats
  5 giant cockroaches
  7 goblins
  9 hobgoblins
  6 jackals (D:3)
  2 quokkas
  3 frilled lizards
  A jackal zombie (D:3)
  8 kobolds
  6 rats
75 creatures vanquished.

Notes
Turn   | Place    | Note
-------+----------+-------------------------------------------
     0 | D:1      | Morbidden the Demonspawn Conjurer began the quest for the
                  | Orb.
     0 | D:1      | Reached XP level 1. HP: 13/13 MP: 3/3
   343 | D:1      | Gained mutation: You have sharp toenails. [demonic
                  | ancestry]
   343 | D:1      | Reached XP level 2. HP: 18/19 MP: 0/5
   671 | D:1      | Learned a level 2 spell: Searing Ray
   958 | D:1      | Reached XP level 3. HP: 24/24 MP: 2/6
  1416 | D:2      | Reached skill level 1 in Fighting
  2120 | D:2      | Reached XP level 4. HP: 32/32 MP: 4/7
  2429 | D:3      | Gained mutation: You have sharp fingernails. [potion of
                  | mutation]
  2429 | D:3      | Gained mutation: Your body sometimes deteriorates upon
                  | taking damage. [potion of mutation]
  2429 | D:3      | Gained mutation: Your flesh is heat resistant. (rF+)
                  | [potion of mutation]
  2444 | D:3      | Found a glowing silver altar of Zin.
  2464 | D:3      | Lost mutation: Your body sometimes deteriorates upon taking
                  | damage. [potion of mutation]
  2464 | D:3      | Lost mutation: Your flesh is heat resistant. (rF+) [potion
                  | of mutation]
  2464 | D:3      | Gained mutation: Your mind is acute. (Int +2) [potion of
                  | mutation]
  2464 | D:3      | Gained mutation: You are agile. (Dex +2) [potion of
                  | mutation]
  2464 | D:3      | Gained mutation: You passively map a small area around you.
                  | [potion of mutation]
  2483 | D:3      | Noticed Jessica
  2507 | D:3      | Reached skill level 5 in Conjurations
  2517 | D:3      | Slain by Jessica

Illustrated notes

Levels and vault maps discovered:
D:1:      onia_arrival_pentagram, layout_basic, chequers_serial_rivers_micro_d,
          chequers_avenue, minmay_pentomino_v4
D:2:      minmay_general_purpose_star, layout_basic
D:3:      minmay_wonky_spiral, layout_rooms, gammafunk_temple_overflow_claw,
          old_standard_altar, gup_sewer_entry_spiral, minmay_surrounded,
          uniq_jessica

Skill      XL: |  1  2  3  4 |
---------------+-------------+-----
Fighting       | 1 |  1.4
Stealth        | 2 |  2.0
Spellcasting   | 3 |  3.0
Conjurations   | 5 |  5.0
Dodging        | |  1.9
Unarmed Combat | |  0.2

Action                   |  1- 3 |  4- 6 || total
-------------------------+-------+-------++-------
Melee: Unarmed           |    26 |       ||    26
       Dagger            |     6 |    58 ||    64
       Kick              |     1 |     9 ||    10
Throw: Dart              |       |     7 ||     7
 Cast: Magic Dart        |    78 |    15 ||    93
       Searing Ray       |     1 |     4 ||     5
  Use: Scroll            |     1 |     3 ||     4
       Potion            |       |     5 ||     5
Armor: Robe              |    23 |    24 ||    47
Dodge: Dodged            |    41 |    88 ||   129

Table legend: (Time is in decaauts)
 A = Elapsed time spent in this place.
 B = Non-inter-level travel time spent in this place.
 C = Inter-level travel time spent in this place.
 D = Time resting spent in this place.
 E = Time spent auto-exploring this place.
 F = Levels seen in this place.
 G = Mean time per level.
                   A        B        C        D        E       F      G
               +--------+--------+--------+--------+--------+-----+--------+
         Total |   2516 |   2449 |     67 |      0 |   2009 |   3 |  838.7 |
       Dungeon |   2516 |   2449 |     67 |      0 |   2009 |   3 |  838.7 |
               +--------+--------+--------+--------+--------+-----+--------+

Top non-repeatable levels by time:
     D:1: 1268 daAuts
     D:2: 1074 daAuts
     D:3: 172 daAuts
